Map: Lost and Found LE

Players

YoGo

  • Race: Zerg Zerg
  • League: Grandmaster
  • Spawn Location: 1:00

Solar - Winner!

  • Race: Zerg Zerg
  • Spawn Location: 7:00

Event: HomeStory Cup XVII

VOD

Have the link to the VOD?

Description

Time

  • Played on: June 28, 2018, 5:56 p.m.
  • Length: 8:18

All games in this series

Show
View Real Time Build Order
Export as new Build Order

YoGo Zerg 

Build Orders: Hatch First 

Get SALT Encoding   

  12  0:00  Drone  
  13  0:16  Overlord  
  13  0:20  Drone  
  15  0:35  Drone x2  
  16  0:49  Hatchery  
  15  0:52  Drone  
  15  0:56  Drone  
  17  1:10  Spawning Pool  
  16  1:12  Extractor  
  16  1:13  Drone  
  16  1:17  Drone  
  17  1:21  Drone  
  18  1:34  Drone  
  19  1:43  Overlord  
  19  1:57  Queen  
  19  1:59  Zergling x2  
  22  2:01  Queen  
  22  2:02  Drone  
  22  2:03  Drone  
  26  2:13  Drone  
  27  2:17  Drone  
  28  2:23  Drone  
  28  2:24  Drone  
  30  2:32  Queen  
  33  2:37  Drone x2  
  33  2:39  Evolution Chamber  
  33  2:40  Queen  
  35  2:45  Overlord  
  35  2:50  Overlord  
  35  2:58  Roach Warren  
  34  3:03  Drone x2  
  36  3:09  Drone  
  36  3:11  Drone  
  38  3:13  Drone  
  38  3:17  Drone  
  38  3:19  Drone  
  41  3:20  Drone  
  41  3:23  Drone  
  41  3:26  Metabolic Boost  
  43  3:29  Drone  
  44  3:36  Overlord  
  44  3:37  Overlord  
  44  3:40  Overlord  
  44  3:54  Roach x4  
  52  3:56  Roach x3  
  52  3:57  Roach  
  60  4:05  Roach  
  60  4:09  Zergling x2  
  63  4:12  Zergling x4  
  63  4:13  Zergling x2  
  66  4:17  Zergling x2  
  66  4:18  Zergling x4  
  66  4:21  Zergling x2  
  70  4:24  Zergling x2  
  70  4:30  Overlord  
  71  4:33  Zergling x2  
  71  4:38  Zergling x2  
  73  4:41  Zergling x4  
  73  4:43  Zergling x2  
  76  4:46  Overlord, Hatchery  
  76  4:51  Zergling x6  
  78  4:55  Zerg Missile Weapons Level 1  
  63  5:14  Zergling x14  
  63  5:17  Extractor  
  63  5:20  Roach x3  
  71  5:23  Roach  
  71  5:24  Roach  
  70  5:34  Roach x2  
  71  5:36  Roach x2  
  75  5:43  Overlord  
  75  5:46  Roach  
  75  5:53  Roach  
  75  5:56  Roach  
  73  5:57  Zergling x4  
  73  6:00  Zergling x2  
  73  6:01  Zergling x2  
  73  6:04  Zergling x2  
  71  6:08  Zergling x4  
  71  6:09  Zergling x4  
  74  6:14  Zergling x2  
  74  6:15  Zergling x2  
  74  6:17  Zergling x4  
  78  6:22  Roach  
  78  6:24  Zergling x2  
  81  6:27  Zergling x2  
  80  6:36  Zergling x6  
  80  6:37  Zergling x4  
  80  6:39  Queen x2  
  78  6:47  Zergling x10  
  78  6:51  Zergling x2  
  75  6:55  Zergling x4  
  75  6:57  Zergling x2  
  75  6:58  Zergling x4  
  67  7:05  Roach x3  
  67  7:06  Zergling x2  
  71  7:08  Zergling x2  
  71  7:12  Roach x2  
  74  7:17  Roach x2  
  74  7:19  Roach  
  73  7:32  Roach x2  
  77  7:38  Roach, Extractor  
  78  7:48  Roach  
  79  7:52  Drone x3  
  79  7:55  Roach x2  
Show
View Real Time Build Order
Export as new Build Order

Solar Zerg - Winner!

Build Orders: Hatch First 

Get SALT Encoding   

  12  0:01  Drone  
  13  0:12  Overlord  
  13  0:16  Drone  
  14  0:31  Drone x2  
  14  0:35  Drone  
  17  0:50  Hatchery  
  17  0:54  Drone  
  17  0:57  Drone  
  17  1:01  Extractor  
  17  1:12  Spawning Pool  
  17  1:15  Drone  
  17  1:18  Drone  
  18  1:27  Drone  
  19  1:38  Drone  
  20  1:49  Overlord  
  20  1:58  Queen  
  22  2:02  Queen, Drone  
  22  2:03  Drone  
  26  2:13  Zergling x2  
  26  2:14  Drone  
  28  2:23  Drone  
  28  2:24  Drone  
  30  2:32  Overlord  
  30  2:35  Lair  
  30  2:36  Drone  
  31  2:37  Queen  
  31  2:42  Drone  
  34  2:46  Drone  
  34  2:50  Roach Warren  
  34  2:54  Drone  
  34  2:55  Evolution Chamber  
  34  2:57  Drone  
  35  3:04  Drone  
  36  3:09  Drone x3  
  36  3:10  Overlord  
  36  3:12  Drone  
  40  3:14  Drone  
  40  3:17  Drone  
  42  3:23  Zerg Missile Weapons Level 1  
  42  3:24  Extractor  
  42  3:25  Drone  
  42  3:26  Drone, Extractor  
  42  3:30  Drone  
  42  3:33  Glial Reconstitution  
  43  3:35  Drone  
  44  3:42  Drone x3  
  44  3:44  Overlord  
  44  3:46  Overseer  
  44  3:47  Drone  
  44  3:48  Drone  
  49  3:51  Drone  
  49  3:53  Roach  
  52  3:58  Overlord  
  51  4:04  Roach  
  51  4:07  Roach  
  55  4:12  Overlord  
  55  4:15  Roach x2  
  59  4:18  Roach x3  
  59  4:21  Roach  
  67  4:24  Overlord  
  71  4:31  Roach x3  
  73  4:41  Overlord  
  73  4:43  Roach  
  75  4:46  Roach  
  75  4:47  Roach x2  
  83  4:53  Roach  
  83  4:54  Overlord  
  83  5:00  Roach x2  
  83  5:05  Roach x2  
  79  5:17  Roach x2  
  79  5:18  Roach x2, Hatchery  
  86  5:26  Roach x3  
  92  5:30  Roach  
  92  5:31  Overlord  
  94  5:40  Roach  
  94  5:42  Zerg Missile Weapons Level 2  
  96  5:43  Hatchery  
  96  5:44  Roach  
  97  5:52  Roach  
  97  5:55  Roach  
  97  6:00  Roach x3  
  91  6:05  Roach x2  
  93  6:13  Overlord  
  93  6:17  Roach  
  97  6:25  Roach  
  97  6:27  Drone x3  
  97  6:28  Roach x2  
  104  6:38  Roach x3  
  106  6:40  Queen  
  106  6:43  Overlord  
  104  6:49  Roach x2  
  102  6:56  Drone x2, Extractor  
  102  6:57  Drone x2  
  102  7:00  Roach x2  
  93  7:09  Roach x2  
  93  7:13  Roach x3  
  103  7:20  Roach x2  
  103  7:22  Roach  
  105  7:25  Overlord  
  105  7:29  Roach x4  
  111  7:32  Ravager  
  111  7:33  Overlord  
  111  7:34  Ravager  
  113  7:38  Roach  
  113  7:39  Roach  
  117  7:44  Overlord  
  117  7:46  Roach x3  
  117  7:51  Roach x2  
  127  7:56  Roach x3  
Tags
 
Add a new tag
Caveats
  • Supply blocks, unpowered buildings, or Contaminate may cause inaccurate times.
  • Supply counts are checked every 10 seconds.